 Dungeon Sprint DCSS version 0.18.1-50-g88ac8fd (webtiles) character file.

7966 lorenzova the Warrior (level 11, 0/114 HPs)
             Began as a Minotaur Fighter on Oct 15, 2016.
             Was a High Priest of Qazlal.
             Slain by a 13-headed hydra (9 damage)
             ... in the Dungeon (Sprint I: "Red Sonja").
             The game lasted 00:08:29 (2740 turns).

lorenzova the Warrior (Minotaur Fighter)            Turns: 2740, Time: 00:08:29

Health: 0/114      AC: 25    Str: 28    XL:     11   Next: 3%
Magic:  4/10       EV:  8    Int:  5    God:    Qazlal [*****.]
Gold:   379        SH: 22    Dex:  9    Spells: 0 memorised, 10 levels left

rFire  . . .     SeeInvis .     a - +0 war axe
rCold  + + .     Gourm    .     b - +2 plate armour {rC+}
rNeg   . . .     Faith    .     c - +0 shield
rPois  .         Spirit   .     (helmet restricted)
rElec  .         Dismiss  .     (no cloak)
rCorr  .         Reflect  .     q - +2 pair of gloves {Str+3}
SustAt .         Harm     .     (no boots)
MR     .....     NoTele   +     (no amulet)
Stlth  ..........               (no ring)
                                o - ring of protection from cold

@: protected from physical damage, repel missiles, not resistant to hostile
enchantments, extremely unstealthy
A: retaliatory headbutt, horns 2
a: Upheaval, Elemental Force, Disaster Area, Renounce Religion


You were in the Dungeon.
You worshipped Qazlal.
Qazlal was extremely pleased with you.
You were not hungry.

You visited 1 branch You collected 1178 gold pieces.
You spent 799 gold pieces at shops.

Inventory:

Hand Weapons
 a - a +0 war axe (weapon)
Missiles
 m - 30 sling bullets (quivered)
Armour
 b - a +2 plate armour of cold resistance (worn)
 c - a +0 shield (worn)
 f - a +0 chain mail
 q - a +2 pair of gloves of strength (worn)
Jewellery
 o - a ring of protection from cold (left hand)
Scrolls
 j - a scroll of enchant weapon {unknown}
 k - a scroll of blinking
 l - a scroll of immolation {unknown}
 n - a scroll of fear {unknown}
Potions
 e - 4 potions of curing
 i - 2 potions of magic
Comestibles
 d - a bread ration
 g - a chunk of flesh


   Skills:
 + Level 15.7 Fighting
 + Level 15.5 Axes
 + Level 15.7 Armour
 + Level 15.7 Shields
 * Level 0.0 Invocations


You had 10 spell levels left.
You didn't know any spells.

Dungeon Overview and Level Annotations

Branches:
Dungeon (1/1)

Altars:
Cheibriados
Dithmenos
Elyvilon
Fedhas
Gozag
Kikubaaqudgha
Makhleb
Nemelex Xobeh
Okawaru
Pakellas
Qazlal
Ru
Sif Muna
Trog
Vehumet
Xom
Yredelemnul
Zin
The Shining One
Jiyva

Shops:
D !([


Innate Abilities, Weirdness & Mutations

You reflexively headbutt those who attack you in melee.
You have a pair of horns on your head.


Message History

The 13-headed hydra closely misses you.
The 13-headed hydra bites you but does no damage.
The 13-headed hydra bites you.
* * * LOW HITPOINT WARNING * * *
You block the 13-headed hydra's attack.
The 13-headed hydra bites you but does no damage.
The 13-headed hydra bites you!
* * * LOW HITPOINT WARNING * * *
You feel more protected from physical attacks.
You block the 13-headed hydra's attack.
The giant eyeball seems to glare at you.
Clouds arounds you coalesce and take form!
You block the 13-headed hydra's attack. x2
The 13-headed hydra closely misses you.
The 13-headed hydra bites you but does no damage. x2
The 13-headed hydra bites you.
* * * LOW HITPOINT WARNING * * *
You feel more protected from physical attacks.
The 13-headed hydra bites you!
You die...

#######################
')..#..#..§.†§§§@G§'.$#
#)..##'#§####.§§ED##$.+
#...'.§#§# ##.§§## ###
#####.)§§# ###+#
#§.##'#### §..#.....#
#..#..^..+ ##'###§§.#
##.'.#§§.#


You could see a 13-headed hydra, a giant eyeball and a neutral air elemental.

Vanquished Creatures
  2 centaur warriors (D)
  Sonja (D)
  A deep troll (D)
  A lindwurm (D)
  An oklob plant (D)
  A gargoyle (D)
  2 kobold demonologists (D)
  4 demonic crawlers (D)
  A slime creature (D)
  2 redbacks (D)
  Sigmund (D)
  A yak (D)
  13 hogs (D)
  A giant eyeball (D)
  A wasp (D)
  An ogre (D)
  Ijyb (D)
  A jelly (D)
  2 ballistomycetes (D)
  A giant spore (D)
39 creatures vanquished.

Vanquished Creatures (others)
  A gargoyle (D)
  A giant spore (D)
2 creatures vanquished.

Grand Total: 41 creatures vanquished

Notes
Turn   | Place    | Note
--------------------------------------------------------------
     0 | D        | lorenzova the Minotaur Fighter began the quest for the Orb.
     0 | D        | Reached XP level 1. HP: 19/19 MP: 0/0
     1 | D        | Noticed Ijyb
    18 | D        | Killed Ijyb
    18 | D        | Reached skill level 5 in Fighting
    18 | D        | Reached skill level 5 in Armour
    18 | D        | Reached skill level 5 in Shields
    18 | D        | Reached XP level 2. HP: 12/29 MP: 1/1
    18 | D        | Reached XP level 3. HP: 16/36 MP: 2/2
   260 | D        | Noticed an ogre
   264 | D        | Killed an ogre
   264 | D        | Reached XP level 4. HP: 32/45 MP: 3/3
   357 | D        | Noticed Sigmund
   360 | D        | Killed Sigmund
   360 | D        | Reached XP level 5. HP: 53/53 MP: 4/4
   374 | D        | Found a deep blue altar of Sif Muna.
   376 | D        | Found a radiant altar of Vehumet.
   380 | D        | Reached XP level 6. HP: 61/62 MP: 5/5
   384 | D        | Found Editioxi's Antique Weapon Emporium.
   384 | D        | Found a white marble altar of Elyvilon.
   384 | D        | Found a stormy altar of Qazlal.
   384 | D        | Found a burning altar of Makhleb.
   384 | D        | Found a sacrificial altar of Ru.
   384 | D        | Found an oddly glowing altar of Pakellas.
   384 | D        | Found a basalt altar of Yredelemnul.
   384 | D        | Found a glowing golden altar of the Shining One.
   384 | D        | Found a sparkling altar of Nemelex Xobeh.
   384 | D        | Found a shimmering altar of Xom.
   384 | D        | Found an opulent altar of Gozag.
   384 | D        | Found an ancient bone altar of Kikubaaqudgha.
   384 | D        | Found a glowing silver altar of Zin.
   384 | D        | Noticed a yak
   387 | D        | Found an iron altar of Okawaru.
   388 | D        | Found a bloodstained altar of Trog.
   390 | D        | Became a worshipper of Qazlal Stormbringer
   397 | D        | Killed a yak
   534 | D        | Noticed a centaur warrior
   534 | D        | Noticed a centaur warrior
   590 | D        | Found a viscous altar of Jiyva.
   590 | D        | Found a blossoming altar of Fedhas.
   590 | D        | Noticed a slime creature
   591 | D        | Found a snail-covered altar of Cheibriados.
   591 | D        | Found a shadowy altar of Dithmenos.
   596 | D        | Killed a slime creature
   596 | D        | Reached skill level 10 in Fighting
   596 | D        | Reached skill level 10 in Armour
   596 | D        | Reached skill level 10 in Shields
   596 | D        | Reached XP level 7. HP: 22/72 MP: 6/6
   603 | D        | Killed a centaur warrior
   603 | D        | Reached * piety under Qazlal
   603 | D        | Reached XP level 8. HP: 21/82 MP: 7/7
   608 | D        | Killed a centaur warrior
   921 | D        | Reached XP level 9. HP: 75/91 MP: 8/8
   931 | D        | Noticed an oklob plant
   937 | D        | Killed an oklob plant
   995 | D        | Noticed a deep troll
  1004 | D        | Killed a deep troll
  1004 | D        | Reached ** piety under Qazlal
  1276 | D        | Killed a gargoyle
  1311 | D        | Found Suwkeah's Armour Emporium.
  1318 | D        | Bought a +2 pair of gloves of strength for 279 gold pieces
  1631 | D        | Noticed a kobold demonologist
  1632 | D        | Noticed a kobold demonologist
  1634 | D        | Paralysed by a giant eyeball for 4 turns
  1640 | D        | Noticed an orange demon
  1641 | D        | Noticed a sixfirhy
  1644 | D        | Noticed a sun demon
  1647 | D        | Noticed a smoke demon
  1650 | D        | Killed a kobold demonologist
  1650 | D        | Reached *** piety under Qazlal
  1658 | D        | Killed a kobold demonologist
  1978 | D        | Noticed a demonic crawler
  1978 | D        | Noticed a demonic crawler
  1978 | D        | Noticed a demonic crawler
  1978 | D        | Noticed a demonic crawler
  2008 | D        | Killed a demonic crawler
  2008 | D        | Reached XP level 10. HP: 53/103 MP: 9/9
  2031 | D        | Reached **** piety under Qazlal
  2078 | D        | Noticed Sonja
  2124 | D        | Killed Sonja
  2232 | D        | Bought a +2 plate armour of cold resistance for 520 gold pieces
  2256 | D        | Found Bixa's Distillery.
  2368 | D        | Noticed a lindwurm
  2375 | D        | Killed a lindwurm
  2566 | D        | Noticed a gargoyle
  2576 | D        | Killed a gargoyle
  2576 | D        | Reached skill level 15 in Fighting
  2576 | D        | Reached skill level 15 in Armour
  2576 | D        | Reached skill level 15 in Shields
  2599 | D        | Reached skill level 15 in Axes
  2600 | D        | Reached ***** piety under Qazlal
  2642 | D        | Reached XP level 11. HP: 94/114 MP: 10/10
  2647 | D        | Reached ****** piety under Qazlal
  2725 | D        | Noticed a 12-headed hydra
  2729 | D        | Paralysed by a giant eyeball for 2 turns
  2733 | D        | Paralysed by a giant eyeball for 4 turns
  2740 | D        | Slain by a 13-headed hydra

Skill      XL: |  1  2  3  4  5  6  7  8  9 10 |
---------------+-------------------------------+-----
Fighting       | 5 6 8 10 11 12 14 15 | 15.7
Axes           | 4 6 7 8 9 11 12 13 15 | 15.5
Armour         | 5 6 8 10 11 12 14 15 | 15.7
Shields        | 5 6 8 10 11 12 14 15 | 15.7

Action                   |  1- 3 |  4- 6 |  7- 9 | 10-12 || total
-------------------------+-------+-------+-------+-------++-------
Melee: War axe           |    19 |    17 |    78 |   142 ||   256
       Headbutt          |     2 |     7 |    17 |    31 ||    57
Invok: Elemental Force   |       |       |       |     1 ||     1
  Use: Potion            |       |       |     2 |     2 ||     4
       Scroll            |       |       |       |     2 ||     2
  Eat: Bread ration      |       |       |     1 |       ||     1
       Chunk             |       |       |       |     3 ||     3
Armor: Scale mail        |     6 |     3 |     5 |       ||    14
       Chain mail        |       |       |    32 |    45 ||    77
       Plate armour      |       |       |       |    66 ||    66
Dodge: Dodged            |     2 |     4 |    20 |    50 ||    76
       Deflected         |       |       |       |     2 ||     2
Block: Shield            |     9 |    12 |    76 |   152 ||   249
